Lightning vs Flyers

Created - 26 décembre 2023 at 13:00

Goals
1 2 3 T
Lightning 0 2 2 4
Flyers 2 0 0 2
Shots
1 2 3 T
Lightning 6 9 14 29
Flyers 13 8 14 35

GoalsPenalties
1st period
1. Flyers , Neal Pionk 2 (Anthony Beauvillier 17, Bryan Rust 16) at 15:33 (PP)
2. Flyers , Mikael Granlund 6 (Quinn Hughes 20, Bryan Rust 17) at 15:59
Robert Hagg (TAM) for Slashing (Minor) at 0:33
Ben Harpur (TAM) for High sticking (Minor) at 14:03
2nd period
3. Lightning , Robert Hagg 8 (Jakob Silfverberg 30, David Krejci 12) at 0:10
4. Lightning , Derick Brassard 13 (Andrej Sustr 8, Jansen Harkins 2) at 6:20
No Penalty
3rd period
5. Lightning , Ben Harpur 2 (Tyler Motte 20, Derick Brassard 19) at 8:24 (PP)
6. Lightning , Ben Harpur 3 (Vladislav Namestnikov 47, Patric Hornqvist 16) at 19:10
Robert Hagg (TAM) for Hooking (Minor) at 0:03
Quinn Hughes (PHI) for Holding Stick (Minor) at 7:48
Goalie Stats
Jack Campbell (TAM), 33 saves from 35 shots - (0,943), W, 22-16-6, 60:00 minutes
Felix Sandstrom (PHI), 25 saves from 29 shots - (0,862), L, 0-1-0, 60:00 minutes
3 StarsOfficial
1 - Derick Brassard (TAM)
2 - Ben Harpur (TAM)
3 - Jack Campbell (TAM)
Referees : Trey Pecina and Maria Furberg
Linesman : Mark Shewchyk and Matt MacPherson
Game Note
No Game Note
Finance
Level 1 -- Attendance: 4423 (74%) -- Ticket Income $415,762
Level 2 -- Attendance: 5000 (100%) -- Ticket Income $275,000
Level 3 -- Attendance: 3617 (80%) -- Ticket Income $86,808
Level 4 -- Attendance: 3093 (77%) -- Ticket Income $61,860
Luxury Box -- Attendance: 1000 (100%) -- Ticket Income $194,000
Game was played at the Wachovia Center.
Total Attendance: 17133 (83%)
Total Ticket Income: $1,033,430
Other Income: $310,029
Total Income: $1,343,459



Team Name Goals Shots Shots Attemp Shots Blocked PIM HIT PP PK FO%
Lightning 42951126151 / 1 (100%)136%
Flyers 2356272181 / 3 (33%)164%

Lightning
Player Name POS G A P +/- PIM HIT SHT SB MP PP MP PP SHT PK MP PK SHT FO% FOT GA TA
Alex GoligoskiD0000010127:270:3003:3800% 000
Aliaksei ProtasLW/RW000001008:050:0000:0000% 000
Andrej SustrD0111001013:490:0001:3500% 000
Ben HarpurD2021203020:470:0612:4100% 000
Darren HelmC/LW/RW0000010020:040:0000:0000% 031
David KrejciC0110003014:520:0000:00040% 1010
Derek GrantC/LW0000010211:090:0601:41050% 800
Derick BrassardC/LW1122023015:500:3003:06050% 210
Jakob SilfverbergLW/RW0110013116:360:3011:410100% 101
Jansen HarkinsC/LW0111011111:520:0000:00017% 600
Mike ReillyD0001010011:380:0000:0000% 001
Nicolas Aube-KubelRW0001003013:150:0000:0000% 000
Patric HornqvistRW0111000019:450:0000:4100% 200
Radim SimekD0001010220:550:0601:5000% 000
Robert HaggD1010403425:470:3001:1200% 002
Stefan NoesenLW/RW000000000:500:0600:0000% 000
Tyler MotteLW/RW0110022019:470:0610:4100% 020
Vladislav NamestnikovC/LW/RW0111037122:010:3003:06034% 2931
Flyers
Player Name POS G A P +/- PIM HIT SHT SB MP PP MP PP SHT PK MP PK SHT FO% FOT GA TA
Alex ChiassonRW000000007:080:0000:0000% 000
Anthony BeauvillierLW/RW011-2006020:042:3410:0000% 011
Bryan RustLW/RW0221033020:262:3410:0000% 000
Drew DoughtyD000-1021223:374:0800:0000% 001
Garnet HathawayLW/RW0000001012:490:0000:3600% 010
Jacob MiddletonD0000011019:130:0000:3600% 000
Mattias JanmarkLW/RW0000013112:130:0000:000100% 100
Mikael GranlundC/RW1011017020:252:5400:00061% 2801
Neal PionkD101-1003119:112:5910:0000% 013
Patrick BrownC/RW0000024017:280:0000:36058% 1202
Phil Di GiuseppeLW000-100006:530:0000:0000% 000
Quinn HughesD0110201018:360:0000:0000% 010
Rasmus AnderssonD000-1010023:003:1700:3600% 001
Rasmus RistolainenD000-1032216:220:3200:0000% 001
Rickard RakellLW/RW0000013021:092:5400:000100% 100
Sean MonahanC/LW/RW000-2030120:212:3400:00067% 1500
Tanner PearsonLW000000000:000:0000:0000% 000
Victor OlofssonLW/RW000-3000020:282:5400:000100% 120

Lightning

5 vs 5 Forward
Line #Left WingCenterRight WingPHYDFOFWanted %Time %Time Play
1Tyler MotteVladislav NamestnikovPatric Hornqvist1224034%18:03
2Jakob SilfverbergDavid KrejciDarren Helm1223029%15:34
3Darren HelmDerek GrantAliaksei Protas1222015%8:05
4Derick BrassardJansen HarkinsNicolas Aube-Kubel1221022%11:52
5 vs 5 Defense
Line #DefenseDefensePHYDFOFWanted %Time %Time Play
1Alex GoligoskiRobert Hagg1224039%20:51
2Ben HarpurRadim Simek1223033%17:38
3Andrej SustrMike Reilly1222022%11:38
4Alex GoligoskiRobert Hagg122106%3:27
Power Play Forward
Line #Left WingCenterRight WingPHYDFOFWanted %Time %Time Play
1Derick BrassardVladislav NamestnikovJakob Silfverberg1226083%0:30
2Stefan NoesenDerek GrantTyler Motte1224017%0:06
Power Play Defense
Line #DefenseDefensePHYDFOFWanted %Time %Time Play
1Alex GoligoskiRobert Hagg1226083%0:30
2Ben HarpurRadim Simek1224017%0:06
Penalty Kill 4 Players Forward
Line #CenterWingPHYDFOFWanted %Time %Time Play
1Vladislav NamestnikovDerick Brassard1226069%3:47
2Derek GrantJakob Silfverberg1224031%1:41
Penalty Kill 4 Players Defense
Line #DefenseDefensePHYDFOFWanted %Time %Time Play
1Alex GoligoskiRobert Hagg1226077%4:14
2Ben HarpurRadim Simek1224023%1:14
Penalty Kill 3 Players
Line #WingPHYDFOFWanted %Time %Time PlayDefenseDefensePHYDFOFWanted %Time %Time Play
1Vladislav Namestnikov122600%0:00 Alex GoligoskiRobert Hagg122600%0:00
2Derick Brassard122400%0:00 Ben HarpurRadim Simek122400%0:00
4 vs 4 Forward
Line #CenterWingPHYDFOFWanted %Time %Time Play
1Vladislav NamestnikovDerick Brassard122600%0:00
2Derek GrantJakob Silfverberg122400%0:00
4 vs 4 Defense
Line #DefensePHYDFOFWanted %Time %Time Play
1Alex GoligoskiRobert Hagg122600%0:00
2Ben HarpurRadim Simek122400%0:00
Last Minutes Offensive
Left WingCenterRight WingDefenseDefense
Derick BrassardVladislav NamestnikovJakob SilfverbergAlex GoligoskiRobert Hagg
Last Minutes Defensive
Left WingCenterRight WingDefenseDefense
Derick BrassardVladislav NamestnikovJakob SilfverbergAlex GoligoskiRobert Hagg
Time
Total ForwardTotal DefenseLast Minutes OffensiveLast Minutes Defensive
60:00 60:00 0:000:22
Extra Forwards
Normal PowerPlayPenalty Kill
David Krejci, Nicolas Aube-Kubel, Patric HornqvistDavid Krejci, Nicolas Aube-KubelPatric Hornqvist
Extra Defensemen
Normal PowerPlayPenalty Kill
Andrej Sustr, Alex Goligoski, Ben HarpurAndrej Sustr, Robert HaggBen Harpur
Penalty Shots
Vladislav Namestnikov, Derick Brassard, Derek Grant, Jakob Silfverberg, David Krejci
Goalie
Jack Campbell, Sam Montembeault
Scratches
Michael Mersch (Healthy), Connor Carrick (Healthy)

Flyers

5 vs 5 Forward
Line #Left WingCenterRight WingPHYDFOFWanted %Time %Time Play
1Bryan RustMikael GranlundRickard Rakell0143733%17:31
2Anthony BeauvillierSean MonahanVictor Olofsson0233532%17:19
3Mattias JanmarkPatrick BrownGarnet Hathaway1312323%12:13
4Phil Di GiuseppePatrick BrownAlex Chiasson140512%6:30
5 vs 5 Defense
Line #DefenseDefensePHYDFOFWanted %Time %Time Play
1Rasmus AnderssonDrew Doughty1223536%19:07
2Quinn HughesJacob Middleton1223535%18:38
3Neal PionkRasmus Ristolainen1223030%15:48
4Rasmus AnderssonDrew Doughty12200%0:00
Power Play Forward
Line #Left WingCenterRight WingPHYDFOFWanted %Time %Time Play
1Rickard RakellMikael GranlundVictor Olofsson0146053%2:54
2Bryan RustSean MonahanAnthony Beauvillier1134047%2:34
Power Play Defense
Line #DefenseDefensePHYDFOFWanted %Time %Time Play
1Rasmus AnderssonDrew Doughty0146045%2:29
2Neal PionkDrew Doughty1134055%2:59
Penalty Kill 4 Players Forward
Line #CenterWingPHYDFOFWanted %Time %Time Play
1Patrick BrownGarnet Hathaway14060100%0:36
2Mikael GranlundMattias Janmark140400%0:00
Penalty Kill 4 Players Defense
Line #DefenseDefensePHYDFOFWanted %Time %Time Play
1Rasmus AnderssonJacob Middleton13160100%0:36
2Rasmus RistolainenRasmus Andersson131400%0:00
Penalty Kill 3 Players
Line #WingPHYDFOFWanted %Time %Time PlayDefenseDefensePHYDFOFWanted %Time %Time Play
1Garnet Hathaway140600%0:00 Rasmus AnderssonJacob Middleton131600%0:00
2Mattias Janmark140400%0:00 Drew DoughtyRasmus Ristolainen131400%0:00
4 vs 4 Forward
Line #CenterWingPHYDFOFWanted %Time %Time Play
1Mikael GranlundRickard Rakell122500%0:00
2Sean MonahanVictor Olofsson122500%0:00
4 vs 4 Defense
Line #DefensePHYDFOFWanted %Time %Time Play
1Rasmus AnderssonDrew Doughty122500%0:00
2Rasmus AnderssonRasmus Ristolainen122500%0:00
Last Minutes Offensive
Left WingCenterRight WingDefenseDefense
Phil Di GiuseppeRickard RakellVictor OlofssonRasmus AnderssonQuinn Hughes
Last Minutes Defensive
Left WingCenterRight WingDefenseDefense
Mattias JanmarkBryan RustGarnet HathawayQuinn HughesJacob Middleton
Time
Total ForwardTotal DefenseLast Minutes OffensiveLast Minutes Defensive
60:00 60:00 0:230:00
Extra Forwards
Normal PowerPlayPenalty Kill
Anthony Beauvillier, Rickard Rakell, Alex ChiassonAnthony Beauvillier, Victor OlofssonPatrick Brown
Extra Defensemen
Normal PowerPlayPenalty Kill
Rasmus Ristolainen, Neal Pionk, Jacob MiddletonNeal Pionk, Rasmus AnderssonNeal Pionk
Penalty Shots
Rickard Rakell, Victor Olofsson, Bryan Rust, Anthony Beauvillier, Garnet Hathaway
Goalie
Felix Sandstrom, John Gibson
Scratches
Aaron Ness (Healthy), Andreas Johnsson (Healthy)


Play-by-Play

1st period


0:01 of 1st period - Mikael Granlund wins face-off versus Vladislav Namestnikov in neutral zone.
0:04 of 1st period - Tyler Motte is hit by Bryan Rust and loses puck.
0:33 of 1st period - Minor Penalty to Robert Hagg for Slashing.
0:34 of 1st period - Derick Brassard wins face-off versus Mikael Granlund in Lightning zone.
1:00 of 1st period - Alex Goligoski is hit by Sean Monahan and loses puck.
1:21 of 1st period - Alex Goligoski is hit by Rickard Rakell and loses puck.
1:48 of 1st period - Radim Simek is hit by Mikael Granlund and loses puck.
2:23 of 1st period - Alex Goligoski is hit by Rasmus Ristolainen and loses puck.
2:33 of 1st period - Penalty to Robert Hagg is over, Robert Hagg is back on ice.
3:42 of 1st period - Rasmus Ristolainen is hit by Radim Simek and loses puck.
4:38 of 1st period - Jacob Middleton is hit by Jakob Silfverberg and loses puck.
5:04 of 1st period - Patric Hornqvist is hit by Mattias Janmark and loses puck.
6:16 of 1st period - Snap shot by Patrick Brown.
6:16 of 1st period - Stopped by Jack Campbell with a rebound.
6:36 of 1st period - Garnet Hathaway is hit by Mike Reilly and loses puck.
7:29 of 1st period - Anthony Beauvillier is hit by Vladislav Namestnikov and loses puck.
7:58 of 1st period - Alex Goligoski is hit by Patrick Brown and loses puck.
9:15 of 1st period - Snap shot by Derek Grant.
9:15 of 1st period - Shot Misses the Net.
9:43 of 1st period - Rickard Rakell is hit by Vladislav Namestnikov.
10:07 of 1st period - Snap shot by Jansen Harkins.
10:07 of 1st period - Stopped by Felix Sandstrom without a rebound.
10:08 of 1st period - Patrick Brown wins face-off versus Jansen Harkins in Flyers zone.
10:15 of 1st period - Slapshot by Neal Pionk.
10:15 of 1st period - Stopped by Jack Campbell with a rebound.
10:17 of 1st period - Snap shot by Rasmus Ristolainen.
10:17 of 1st period - Deflect By Patrick Brown.
10:17 of 1st period - Shot Misses the Net.
10:17 of 1st period - Puck is out of play.
10:18 of 1st period - Vladislav Namestnikov wins face-off versus Sean Monahan in Lightning zone.
10:52 of 1st period - Snap shot by Mikael Granlund.
10:52 of 1st period - Stopped by Jack Campbell with a rebound.
10:54 of 1st period - Snap shot by Neal Pionk.
10:54 of 1st period - Deflect By Mikael Granlund.
10:54 of 1st period - Stopped by Jack Campbell with a rebound.
11:29 of 1st period - Icing by Patrick Brown.
11:30 of 1st period - Patrick Brown wins face-off versus Vladislav Namestnikov in Flyers zone.
11:37 of 1st period - Tyler Motte is hit by Bryan Rust and loses puck.
11:46 of 1st period - Snap shot by Mikael Granlund.
11:46 of 1st period - Shot Misses the Net.
12:23 of 1st period - Wrist shot by Tyler Motte.
12:23 of 1st period - Stopped by Felix Sandstrom with a rebound.
12:25 of 1st period - Snap shot by Vladislav Namestnikov.
12:25 of 1st period - Shot Misses the Net.
12:27 of 1st period - Wrist shot by Ben Harpur.
12:27 of 1st period - Stopped by Felix Sandstrom with a rebound.
12:31 of 1st period - Wrist shot by Vladislav Namestnikov.
12:31 of 1st period - Stopped by Felix Sandstrom with a rebound.
12:33 of 1st period - Snap shot by Tyler Motte.
12:33 of 1st period - Deflect By Vladislav Namestnikov.
12:33 of 1st period - Stopped by Felix Sandstrom without a rebound.
12:34 of 1st period - David Krejci wins face-off versus Mikael Granlund in Flyers zone.
13:07 of 1st period - Slapshot by Neal Pionk.
13:07 of 1st period - Shot Blocked by Radim Simek.
13:09 of 1st period - Snap shot by Rasmus Ristolainen.
13:09 of 1st period - Stopped by Jack Campbell without a rebound.
13:10 of 1st period - Sean Monahan wins face-off versus Jansen Harkins in Lightning zone.
14:03 of 1st period - Minor Penalty to Ben Harpur for High sticking.
14:04 of 1st period - Vladislav Namestnikov wins face-off versus Mikael Granlund in Lightning zone.
14:38 of 1st period - Wrist shot by Bryan Rust.
14:38 of 1st period - Stopped by Jack Campbell without a rebound.
14:39 of 1st period - Mikael Granlund wins face-off versus Derek Grant in Lightning zone.
15:17 of 1st period - Slapshot by Derek Grant.
15:17 of 1st period - Deflect By Jakob Silfverberg.
15:17 of 1st period - Shot Misses the Net.
15:17 of 1st period - Puck is out of play.
15:18 of 1st period - Sean Monahan wins face-off versus Vladislav Namestnikov in Flyers zone.
15:27 of 1st period - Snap shot by Anthony Beauvillier.
15:27 of 1st period - Shot Blocked by Robert Hagg.
15:31 of 1st period - Slapshot by Anthony Beauvillier.
15:31 of 1st period - Stopped by Jack Campbell with a rebound.
15:33 of 1st period - Slapshot by Neal Pionk.
15:33 of 1st period - Goal by Neal Pionk - Lightning : 0 - Flyers : 1.
15:34 of 1st period - Sean Monahan wins face-off versus Vladislav Namestnikov in neutral zone.
15:49 of 1st period - Snap shot by Victor Olofsson.
15:49 of 1st period - Shot Blocked by Vladislav Namestnikov.
15:51 of 1st period - Slapshot by Rasmus Ristolainen.
15:51 of 1st period - Deflect By Alex Goligoski.
15:51 of 1st period - Stopped by Jack Campbell without a rebound.
15:52 of 1st period - Mikael Granlund wins face-off versus David Krejci in Lightning zone.
15:53 of 1st period - Snap shot by Bryan Rust.
15:53 of 1st period - Shot Misses the Net.
15:55 of 1st period - Snap shot by Mikael Granlund.
15:55 of 1st period - Shot Blocked by Jakob Silfverberg.
15:59 of 1st period - Snap shot by Mikael Granlund.
15:59 of 1st period - Goal by Mikael Granlund - Lightning : 0 - Flyers : 2.
16:00 of 1st period - Vladislav Namestnikov wins face-off versus Mikael Granlund in neutral zone.
16:33 of 1st period - Wrist shot by Anthony Beauvillier.
16:33 of 1st period - Shot Misses the Net.
16:59 of 1st period - Slapshot by Nicolas Aube-Kubel.
16:59 of 1st period - Stopped by Felix Sandstrom with a rebound.
17:29 of 1st period - Icing by Derek Grant.
17:30 of 1st period - Vladislav Namestnikov wins face-off versus Sean Monahan in Lightning zone.
17:47 of 1st period - Snap shot by Victor Olofsson.
17:47 of 1st period - Shot Misses the Net.
18:20 of 1st period - Snap shot by Derek Grant.
18:20 of 1st period - Shot Misses the Net.
18:48 of 1st period - Wrist shot by Mikael Granlund.
18:48 of 1st period - Stopped by Jack Campbell with a rebound.
18:50 of 1st period - Slapshot by Neal Pionk.
18:50 of 1st period - Stopped by Jack Campbell with a rebound.
18:52 of 1st period - Snap shot by Rickard Rakell.
18:52 of 1st period - Shot Misses the Net.
18:54 of 1st period - Snap shot by Rickard Rakell.
18:54 of 1st period - Shot Blocked by Derek Grant.
18:56 of 1st period - Slapshot by Neal Pionk.
18:56 of 1st period - Shot Blocked by Derek Grant.
18:58 of 1st period - Wrist shot by Mikael Granlund.
18:58 of 1st period - Stopped by Jack Campbell without a rebound.
18:59 of 1st period - Sean Monahan wins face-off versus Vladislav Namestnikov in Lightning zone.
19:31 of 1st period - Patrick Brown is hit by Derick Brassard and loses puck.
19:40 of 1st period - Snap shot by Garnet Hathaway.
19:40 of 1st period - Shot Blocked by Jansen Harkins.
Goals for this period are 0 for Lightning vs 2 for Flyers.
Shots for this period are 6 for Lightning vs 13 for Flyers.

2nd period


0:01 of 2nd period - David Krejci wins face-off versus Sean Monahan in neutral zone.
0:10 of 2nd period - Slapshot by Robert Hagg.
0:10 of 2nd period - Goal by Robert Hagg - Lightning : 1 - Flyers : 2.
0:11 of 2nd period - Jakob Silfverberg wins face-off versus Sean Monahan in neutral zone.
1:10 of 2nd period - Wrist shot by Nicolas Aube-Kubel.
1:10 of 2nd period - Stopped by Felix Sandstrom with a rebound.
1:12 of 2nd period - Snap shot by Derick Brassard.
1:12 of 2nd period - Shot Misses the Net.
1:14 of 2nd period - Wrist shot by Derick Brassard.
1:14 of 2nd period - Stopped by Felix Sandstrom without a rebound.
1:15 of 2nd period - Sean Monahan wins face-off versus David Krejci in Flyers zone.
2:08 of 2nd period - Snap shot by Garnet Hathaway.
2:08 of 2nd period - Deflect By Patrick Brown.
2:08 of 2nd period - Stopped by Jack Campbell without a rebound.
2:09 of 2nd period - David Krejci wins face-off versus Sean Monahan in Lightning zone.
2:09 of 2nd period - David Krejci is hit by Sean Monahan.
2:56 of 2nd period - Snap shot by Anthony Beauvillier.
2:56 of 2nd period - Shot Misses the Net.
3:04 of 2nd period - Backhand shot by Vladislav Namestnikov.
3:04 of 2nd period - Shot Misses the Net.
3:17 of 2nd period - Off-side.
3:18 of 2nd period - Mikael Granlund wins face-off versus David Krejci in neutral zone.
3:29 of 2nd period - Backhand shot by Mikael Granlund.
3:29 of 2nd period - Stopped by Jack Campbell with a rebound.
3:31 of 2nd period - Wrist shot by Bryan Rust.
3:31 of 2nd period - Stopped by Jack Campbell with a rebound.
4:37 of 2nd period - Bryan Rust is hit by Vladislav Namestnikov and loses puck.
4:44 of 2nd period - Snap shot by Tyler Motte.
4:44 of 2nd period - Shot Blocked by Drew Doughty.
5:35 of 2nd period - Jansen Harkins is hit by Patrick Brown and loses puck.
6:16 of 2nd period - Snap shot by Derick Brassard.
6:16 of 2nd period - Shot Blocked by Neal Pionk.
6:18 of 2nd period - Slapshot by Andrej Sustr.
6:18 of 2nd period - Deflect By Rasmus Ristolainen.
6:18 of 2nd period - Stopped by Felix Sandstrom with a rebound.
6:20 of 2nd period - Wrist shot by Derick Brassard.
6:20 of 2nd period - Goal by Derick Brassard - Lightning : 2 - Flyers : 2.
6:21 of 2nd period - Mikael Granlund wins face-off versus Patric Hornqvist in neutral zone.
6:31 of 2nd period - Icing by Vladislav Namestnikov.
6:32 of 2nd period - Sean Monahan wins face-off versus Vladislav Namestnikov in Lightning zone.
7:06 of 2nd period - Darren Helm is hit by Drew Doughty and loses puck.
8:01 of 2nd period - Off-side.
8:02 of 2nd period - Mikael Granlund wins face-off versus David Krejci in neutral zone.
8:27 of 2nd period - Patric Hornqvist is hit by Rasmus Ristolainen and loses puck.
9:10 of 2nd period - Slapshot by Jakob Silfverberg.
9:10 of 2nd period - Deflect By David Krejci.
9:10 of 2nd period - Shot Misses the Net.
9:10 of 2nd period - Puck is out of play.
9:11 of 2nd period - David Krejci wins face-off versus Mikael Granlund in Flyers zone.
9:12 of 2nd period - Wrist shot by Darren Helm.
9:12 of 2nd period - Shot Misses the Net.
9:14 of 2nd period - Snap shot by Jakob Silfverberg.
9:14 of 2nd period - Stopped by Felix Sandstrom without a rebound.
9:15 of 2nd period - Sean Monahan wins face-off versus David Krejci in Flyers zone.
10:56 of 2nd period - Wrist shot by Anthony Beauvillier.
10:56 of 2nd period - Stopped by Jack Campbell with a rebound.
11:16 of 2nd period - Snap shot by Anthony Beauvillier.
11:16 of 2nd period - Stopped by Jack Campbell without a rebound.
11:17 of 2nd period - Mikael Granlund wins face-off versus Vladislav Namestnikov in Lightning zone.
11:48 of 2nd period - Slapshot by Nicolas Aube-Kubel.
11:48 of 2nd period - Shot Blocked by Drew Doughty.
12:05 of 2nd period - Snap shot by Mikael Granlund.
12:05 of 2nd period - Shot Misses the Net.
12:07 of 2nd period - Wrist shot by Rickard Rakell.
12:07 of 2nd period - Stopped by Jack Campbell without a rebound.
12:08 of 2nd period - Vladislav Namestnikov wins face-off versus Mikael Granlund in Lightning zone.
13:03 of 2nd period - Wrist shot by Tyler Motte.
13:03 of 2nd period - Shot Misses the Net.
13:33 of 2nd period - Alex Chiasson is hit by Derek Grant and loses puck.
14:45 of 2nd period - Robert Hagg is hit by Rasmus Andersson and loses puck.
15:25 of 2nd period - Icing by Patrick Brown.
15:26 of 2nd period - Patrick Brown wins face-off versus Jansen Harkins in Flyers zone.
15:31 of 2nd period - Snap shot by Drew Doughty.
15:31 of 2nd period - Deflect By Anthony Beauvillier.
15:31 of 2nd period - Stopped by Jack Campbell without a rebound.
15:32 of 2nd period - Victor Olofsson wins face-off versus Jansen Harkins in Lightning zone.
16:47 of 2nd period - Slapshot by Anthony Beauvillier.
16:47 of 2nd period - Stopped by Jack Campbell with a rebound.
17:03 of 2nd period - Slapshot by Patric Hornqvist.
17:03 of 2nd period - Shot Misses the Net.
17:05 of 2nd period - Slapshot by Robert Hagg.
17:05 of 2nd period - Stopped by Felix Sandstrom without a rebound.
17:06 of 2nd period - Vladislav Namestnikov wins face-off versus Patrick Brown in Flyers zone.
17:18 of 2nd period - Off-side.
17:19 of 2nd period - Vladislav Namestnikov wins face-off versus Mikael Granlund in neutral zone.
17:58 of 2nd period - Slapshot by David Krejci.
17:58 of 2nd period - Stopped by Felix Sandstrom without a rebound.
17:59 of 2nd period - Sean Monahan wins face-off versus Vladislav Namestnikov in Flyers zone.
18:51 of 2nd period - Off-side.
18:52 of 2nd period - Jansen Harkins wins face-off versus Patrick Brown in neutral zone.
19:17 of 2nd period - Rasmus Ristolainen is hit by Jansen Harkins.
19:25 of 2nd period - Snap shot by Nicolas Aube-Kubel.
19:25 of 2nd period - Stopped by Felix Sandstrom without a rebound.
19:26 of 2nd period - Mikael Granlund wins face-off versus Vladislav Namestnikov in Flyers zone.
19:56 of 2nd period - Wrist shot by Aliaksei Protas.
19:56 of 2nd period - Shot Misses the Net.
Goals for this period are 2 for Lightning vs 0 for Flyers.
Shots for this period are 9 for Lightning vs 8 for Flyers.

3rd period


0:01 of 3rd period - Vladislav Namestnikov wins face-off versus Mikael Granlund in neutral zone.
0:03 of 3rd period - Minor Penalty to Robert Hagg for Hooking.
0:04 of 3rd period - Mikael Granlund wins face-off versus Derick Brassard in Lightning zone.
1:02 of 3rd period - Ben Harpur is hit by Bryan Rust and loses puck.
1:31 of 3rd period - Off-side.
1:32 of 3rd period - Mikael Granlund wins face-off versus Patric Hornqvist in neutral zone.
2:03 of 3rd period - Penalty to Robert Hagg is over, Robert Hagg is back on ice.
2:15 of 3rd period - Snap shot by Jakob Silfverberg.
2:15 of 3rd period - Stopped by Felix Sandstrom with a rebound.
2:44 of 3rd period - Off-side.
2:45 of 3rd period - Sean Monahan wins face-off versus David Krejci in neutral zone.
2:58 of 3rd period - Snap shot by Sean Monahan.
2:58 of 3rd period - Shot Blocked by Robert Hagg.
3:00 of 3rd period - Slapshot by Jacob Middleton.
3:00 of 3rd period - Stopped by Jack Campbell with a rebound.
3:02 of 3rd period - Slapshot by Quinn Hughes.
3:02 of 3rd period - Deflect By Jakob Silfverberg.
3:02 of 3rd period - Stopped by Jack Campbell without a rebound.
3:03 of 3rd period - Vladislav Namestnikov wins face-off versus Mikael Granlund in Lightning zone.
3:03 of 3rd period - Vladislav Namestnikov is hit by Jacob Middleton.
3:40 of 3rd period - Slapshot by Vladislav Namestnikov.
3:40 of 3rd period - Stopped by Felix Sandstrom without a rebound.
3:41 of 3rd period - Rickard Rakell wins face-off versus Derek Grant in Flyers zone.
3:50 of 3rd period - Slapshot by Rasmus Andersson.
3:50 of 3rd period - Shot Misses the Net.
3:52 of 3rd period - Wrist shot by Rickard Rakell.
3:52 of 3rd period - Stopped by Jack Campbell without a rebound.
3:53 of 3rd period - Derek Grant wins face-off versus Mikael Granlund in Lightning zone.
3:53 of 3rd period - Derek Grant is hit by Drew Doughty.
4:09 of 3rd period - Slapshot by Bryan Rust.
4:09 of 3rd period - Shot Blocked by Robert Hagg.
4:19 of 3rd period - Victor Olofsson is hit by Alex Goligoski and loses puck.
4:44 of 3rd period - Slapshot by Mattias Janmark.
4:44 of 3rd period - Stopped by Jack Campbell with a rebound.
4:46 of 3rd period - Slapshot by Neal Pionk.
4:46 of 3rd period - Shot Misses the Net.
4:48 of 3rd period - Snap shot by Garnet Hathaway.
4:48 of 3rd period - Stopped by Jack Campbell with a rebound.
4:50 of 3rd period - Snap shot by Patrick Brown.
4:50 of 3rd period - Shot Blocked by Radim Simek.
4:52 of 3rd period - Snap shot by Neal Pionk.
4:52 of 3rd period - Shot Hit the Post.
5:04 of 3rd period - Snap shot by David Krejci.
5:04 of 3rd period - Stopped by Felix Sandstrom with a rebound.
5:06 of 3rd period - Wrist shot by David Krejci.
5:06 of 3rd period - Shot Blocked by Rasmus Ristolainen.
5:24 of 3rd period - Alex Goligoski is hit by Rasmus Ristolainen and loses puck.
5:33 of 3rd period - Neal Pionk is hit by Tyler Motte and loses puck.
5:54 of 3rd period - Backhand shot by Mattias Janmark.
5:54 of 3rd period - Stopped by Jack Campbell with a rebound.
6:24 of 3rd period - Snap shot by Patrick Brown.
6:24 of 3rd period - Stopped by Jack Campbell without a rebound.
6:25 of 3rd period - Sean Monahan wins face-off versus Vladislav Namestnikov in Lightning zone.
6:42 of 3rd period - Wrist shot by David Krejci.
6:42 of 3rd period - Shot Misses the Net.
6:50 of 3rd period - Wrist shot by Jakob Silfverberg.
6:50 of 3rd period - Shot Hit the Post.
6:52 of 3rd period - Snap shot by David Krejci.
6:52 of 3rd period - Shot Misses the Net.
7:02 of 3rd period - Snap shot by Bryan Rust.
7:02 of 3rd period - Shot Misses the Net.
7:25 of 3rd period - Wrist shot by Vladislav Namestnikov.
7:25 of 3rd period - Stopped by Felix Sandstrom without a rebound.
7:26 of 3rd period - Patrick Brown wins face-off versus Vladislav Namestnikov in Flyers zone.
7:28 of 3rd period - Icing by Garnet Hathaway.
7:29 of 3rd period - Mattias Janmark wins face-off versus Vladislav Namestnikov in Flyers zone.
7:48 of 3rd period - Minor Penalty to Quinn Hughes for Holding Stick.
7:49 of 3rd period - Patrick Brown wins face-off versus Vladislav Namestnikov in Flyers zone.
7:49 of 3rd period - Patrick Brown is hit by Derick Brassard.
8:06 of 3rd period - Snap shot by Jakob Silfverberg.
8:06 of 3rd period - Stopped by Felix Sandstrom with a rebound.
8:22 of 3rd period - Snap shot by Tyler Motte.
8:22 of 3rd period - Stopped by Felix Sandstrom with a rebound.
8:24 of 3rd period - Slapshot by Ben Harpur.
8:24 of 3rd period - Goal by Ben Harpur - Lightning : 3 - Flyers : 2.
8:25 of 3rd period - Mikael Granlund wins face-off versus Vladislav Namestnikov in neutral zone.
8:34 of 3rd period - Wrist shot by Bryan Rust.
8:34 of 3rd period - Shot Blocked by Robert Hagg.
8:38 of 3rd period - Slapshot by Bryan Rust.
8:38 of 3rd period - Shot Misses the Net.
9:43 of 3rd period - Wrist shot by Mikael Granlund.
9:43 of 3rd period - Stopped by Jack Campbell with a rebound.
9:53 of 3rd period - Snap shot by Patrick Brown.
9:53 of 3rd period - Stopped by Jack Campbell without a rebound.
9:54 of 3rd period - Vladislav Namestnikov wins face-off versus Patrick Brown in Lightning zone.
10:01 of 3rd period - Snap shot by Vladislav Namestnikov.
10:01 of 3rd period - Stopped by Felix Sandstrom without a rebound.
10:02 of 3rd period - Mikael Granlund wins face-off versus Vladislav Namestnikov in Flyers zone.
10:17 of 3rd period - Slapshot by Neal Pionk.
10:17 of 3rd period - Shot Blocked by Alex Goligoski.
10:35 of 3rd period - Wrist shot by David Krejci.
10:35 of 3rd period - Shot Blocked by Sean Monahan.
10:37 of 3rd period - Wrist shot by David Krejci.
10:37 of 3rd period - Stopped by Felix Sandstrom with a rebound.
10:55 of 3rd period - Anthony Beauvillier is hit by Aliaksei Protas and loses puck.
11:00 of 3rd period - Wrist shot by Derek Grant.
11:00 of 3rd period - Shot Blocked by Rasmus Ristolainen.
11:09 of 3rd period - Off-side.
11:10 of 3rd period - Patrick Brown wins face-off versus Jansen Harkins in neutral zone.
12:20 of 3rd period - Snap shot by Anthony Beauvillier.
12:20 of 3rd period - Stopped by Jack Campbell without a rebound.
12:21 of 3rd period - Mikael Granlund wins face-off versus Derek Grant in Lightning zone.
12:22 of 3rd period - Wrist shot by Rickard Rakell.
12:22 of 3rd period - Deflect By Mikael Granlund.
12:22 of 3rd period - Shot Misses the Net.
12:22 of 3rd period - Puck is out of play.
12:23 of 3rd period - Mikael Granlund wins face-off versus Vladislav Namestnikov in Lightning zone.
12:34 of 3rd period - Snap shot by Vladislav Namestnikov.
12:34 of 3rd period - Stopped by Felix Sandstrom without a rebound.
12:35 of 3rd period - Mikael Granlund wins face-off versus Vladislav Namestnikov in Flyers zone.
13:07 of 3rd period - Robert Hagg is hit by Sean Monahan and loses puck.
13:29 of 3rd period - Off-side.
13:30 of 3rd period - Mikael Granlund wins face-off versus Vladislav Namestnikov in neutral zone.
13:33 of 3rd period - Slapshot by Bryan Rust.
13:33 of 3rd period - Stopped by Jack Campbell without a rebound.
13:34 of 3rd period - Mikael Granlund wins face-off versus Vladislav Namestnikov in Lightning zone.
14:51 of 3rd period - Snap shot by Derick Brassard.
14:51 of 3rd period - Stopped by Felix Sandstrom with a rebound.
15:14 of 3rd period - Snap shot by Rickard Rakell.
15:14 of 3rd period - Stopped by Jack Campbell with a rebound.
15:16 of 3rd period - Slapshot by Drew Doughty.
15:16 of 3rd period - Stopped by Jack Campbell with a rebound.
16:53 of 3rd period - Wrist shot by Mattias Janmark.
16:53 of 3rd period - Stopped by Jack Campbell without a rebound.
16:54 of 3rd period - Derek Grant wins face-off versus Mikael Granlund in Lightning zone.
17:15 of 3rd period - Mattias Janmark is hit by Darren Helm and loses puck.
18:14 of 3rd period - Snap shot by Mattias Janmark.
18:14 of 3rd period - Shot Misses the Net.
18:24 of 3rd period - Neal Pionk is hit by Tyler Motte.
19:08 of 3rd period - Slapshot by Vladislav Namestnikov.
19:08 of 3rd period - Stopped by Felix Sandstrom with a rebound.
19:10 of 3rd period - Slapshot by Ben Harpur.
19:10 of 3rd period - Goal by Ben Harpur - Lightning : 4 - Flyers : 2.
19:11 of 3rd period - Derek Grant wins face-off versus Patrick Brown in neutral zone.
19:16 of 3rd period - Slapshot by Robert Hagg.
19:16 of 3rd period - Shot Blocked by Mattias Janmark.
19:18 of 3rd period - Slapshot by Robert Hagg.
19:18 of 3rd period - Stopped by Felix Sandstrom without a rebound.
19:19 of 3rd period - Derek Grant wins face-off versus Patrick Brown in Flyers zone.
19:22 of 3rd period - Snap shot by Derek Grant.
19:22 of 3rd period - Deflect By Aliaksei Protas.
19:22 of 3rd period - Shot Misses the Net.
19:22 of 3rd period - Puck is out of play.
19:23 of 3rd period - Patrick Brown wins face-off versus Derek Grant in Flyers zone.
Goals for this period are 2 for Lightning vs 0 for Flyers.
Shots for this period are 14 for Lightning vs 14 for Flyers.